 Dungeon Crawl Stone Soup version 0.31.0-11-ge490571c62 (webtiles) character file.

Game seed: 8741669645586644774

2888 qw the Nimble (level 9, -10/44 HPs)
             Began as a Spriggan Hunter on Feb 3, 2024.
             Mangled by a hornet (11 damage)
             ... while paralysed by a hornet
             ... on level 9 of the Dungeon.
             The game lasted 00:00:30 (5911 turns).

qw the Nimble (Spriggan Hunter)                     Turns: 5911, Time: 00:00:30

Health: -10/44     AC:  7    Str:  7    XL:     9   Next: 48%
Magic:  10/10      EV:  4    Int: 15    God:
Gold:   306        SH:  0    Dex: 31    Spells: 8/8 levels left

rFire   x . .        q - +0 orcbow
rCold   . . .        (shield currently unavailable)
rNeg    . . .        a - +4 robe of Ygoexujau {rF- Int+5 Dex+8}
rPois   .            (helmet restricted)
rElec   .            b - +0 cloak
rCorr   .            (gloves unavailable)
SInv    +            (boots unavailable)
Will    +....        (no amulet)
Stlth   +++          f - +5 ring of evasion
HPRegen 0.27/turn    (no ring)
MPRegen 0.12/turn

%: no passive effects
@: paralysed, lethally poisoned (-10 -> -24), hasted, very quick
A: very small, no large weapons, unfitting armour, see invisible, speed 3, claws
1
a: no special abilities


You were on level 9 of the Dungeon.
You visited 2 branches of the dungeon, and saw 9 of its levels.
You also visited: Ossuary.

You collected 432 gold pieces.
You spent 126 gold pieces at shops.


Innate Abilities, Weirdness & Mutations

You are very small and have problems with some larger weapons.
You are too small for most types of armour.
You have supernaturally acute eyesight. (SInv)
You cover ground extremely quickly. (Speed+++)
You have sharp fingernails.


   Skills:
 + Level 3.0 Fighting
 - Level 10.0 Ranged Weapons
 - Level 12.0 Dodging
 - Level 1.5 Stealth


You had 8 spell levels left.
You didn't know any spells.
Your spell library was empty.

Inventory:

Hand Weapons
 q - a +0 orcbow (weapon)
Armour
 a - the +4 robe of Ygoexujau (worn) {rF- Int+5 Dex+8}
   (You acquired it on level 4 of the Dungeon)

   Int+5:     It affects your intelligence (+5).
   Dex+8:     It affects your dexterity (+8).
   rF-:       It makes you vulnerable to fire.
 b - a +0 cloak (worn)
Jewellery
 f - a +5 ring of evasion (left claw)
 l - a ring of fire
Scrolls
 c - 5 scrolls of teleportation
Potions
 d - a potion of enlightenment
 e - 2 potions of resistance
 g - a potion of magic {unknown}
 j - a potion of might {unknown}
 k - 2 potions of mutation
 m - 3 potions of curing

Dungeon Overview and Level Annotations

Branches:
Dungeon (7/15)             Temple (1/1) D:5         Ossuary (visited)

Altars:
Cheibriados
Dithmenos
Kikubaaqudgha
Makhleb
Qazlal
Ru
Sif Muna
Trog
Uskayaw
Vehumet
Wu Jian
Xom
Zin
The Shining One
Lugonu

Shops:
D:4 [


Message History

You hear a bellow!
You hear a shout! x4
The kobold completely misses you. The yak completely misses you.
You shoot an arrow. The arrow hits the yak.
The yak is moderately wounded.
The kobold completely misses you.
A yak comes into view.
The yak completely misses you.
5906 ||| DRINKING potion of haste.
You feel yourself speed up. The kobold hits you but does no damage.
The yak gores you.
You shoot an arrow.
The arrow hits the yak but does no damage.
The yak is moderately wounded.
The hornet completely misses you. The kobold completely misses you.
The yak completely misses you.
You shoot an arrow. The arrow hits the yak!
The yak is severely wounded.
The hornet stings you!
You are poisoned.
You feel yourself slow down.
A kobold comes into view. It is wielding a +3 whip.
You shoot an arrow. The kobold shouts!
The arrow hits the yak!
The yak is almost dead.
You feel very sick.
You hear a shout! x2
The hornet completely misses you.
A kobold demonologist comes into view. It is wielding a +0 dagger.
The kobold completely misses you. The yak completely misses you.
You shoot an arrow. The arrow barely misses the yak.
The arrow hits the yak.
The yak is lightly wounded.
You feel yourself speed up.
You feel sick. The hornet completely misses you. The yak gores you!
The yak snorts and paws the ground.
The hornet stings you!
You are more poisoned.
You suddenly lose the ability to move!
You feel very sick. The hornet stings you!
You die...

#.##.
####.#..
#.....K#
#......#
#....K#
#....Y# #
#...YY##.#
##...KY@..#
#.....y#..#
#......####
#......#
#......#
########


You could see a kobold demonologist, 4 yaks, a hornet and 2 kobolds.

Vanquished Creatures
  A shadow (D:7)
  A yak (D:9)
  A steam dragon (D:7)
  Menkaure (D:6)
  2 water moccasins
  A black bear (D:5)
  An ice beast (D:6)
  2 ogres (D:4)
  A centaur (D:6)
  A weeping skull (Ossuary)
  4 elf zombies
  A gnoll sergeant (D:4)
  3 scorpions
  2 elf skeletons (D:4)
  2 burial acolytes (Ossuary)
  A bombardier beetle (D:3)
  A centaur zombie (Ossuary)
  2 human zombies
  A hound (D:6)
  2 jellies
  A gnoll bouda (D:7)
  An iguana (D:5)
  9 orc wizards
  5 hound zombies (Ossuary)
  2 mummies (Ossuary)
  9 gnolls
  11 adders
  2 white imps
  2 ufetubi (D:6)
  A ribbon worm (D:2)
  7 orcs
  6 bats
  11 endoplasms
  A giant cockroach (D:3)
  3 gnoll zombies (Ossuary)
  12 goblins
  8 hobgoblins
  2 jackals (D:3)
  10 kobolds
  3 quokkas
  8 ball pythons
  4 frilled lizards
  4 orc zombies
  8 rats
161 creatures vanquished.

Vanquished Creatures (others)
  A rat zombie (D:2)
1 creature vanquished.

Grand Total: 162 creatures vanquished

Notes
Turn   | Place    | Note
-------+----------+-------------------------------------------
     0 | D:1      | qw the Spriggan Hunter began the quest for the Orb.
     0 | D:1      | Reached XP level 1. HP: 10/10 MP: 2/2
     0 | D:1      | 0 ||| qw: Version: 0.3-a-157-g843a77d
     0 | D:1      | 0 ||| qw: Game counter: 3654
     0 | D:1      | 0 ||| qw: Melee chars always use a shield: true
     0 | D:1      | 0 ||| qw: God list: Okawaru
     0 | D:1      | 0 ||| qw: Allow faded altars: false
     0 | D:1      | 0 ||| qw: Do Orc after clearing Dungeon:15 true
     0 | D:1      | 0 ||| qw: Do second Lair branch before Depths: true
     0 | D:1      | 0 ||| qw: Lair rune preference: random
     0 | D:1      | 0 ||| qw: Goals: Normal
     0 | D:1      | 0 ||| PLANNING D:1-11
    80 | D:1      | Reached skill level 3 in Dodging
   134 | D:1      | Reached XP level 2. HP: 12/14 MP: 3/3
   175 | D:1      | Reached skill level 4 in Dodging
   668 | D:1      | 668 ||| READING scroll labelled HILEIG ZAJELI.
   668 | D:1      | 668 ||| BRANDING +0 shortbow.
   669 | D:1      | 669 ||| READING scroll labelled YSUISTASAA.
   674 | D:1      | 674 ||| READING scroll labelled RUUXKA ASTRELA.
   675 | D:1      | 675 ||| DROPPING scroll of butterflies.
   732 | D:2      | Reached XP level 3. HP: 18/18 MP: 4/4
   814 | D:2      | Found a shimmering altar of Xom.
  1301 | D:2      | 1301 ||| READING scroll labelled JISOG WUM RUTS.
  1302 | D:2      | 1302 ||| READING scroll labelled BELASCHI NIOSENI.
  1303 | D:2      | 1303 ||| READING 2 scrolls labelled VAEQUW YCIT.
  1303 | D:2      | 1303 ||| IDENTIFYING fizzy silvery potion
  1304 | D:2      | 1304 ||| READING scroll of identify.
  1304 | D:2      | 1304 ||| IDENTIFYING brown potion
  1305 | D:2      | 1305 ||| READING scroll labelled XOWNIT PIATAOLA.
  1424 | D:3      | 1424 ||| DROPPING ring of flight.
  1425 | D:3      | 1425 ||| UPGRADING to +5 ring of evasion.
  1433 | D:3      | Reached XP level 4. HP: 22/22 MP: 5/5
  1550 | D:3      | Found a stormy altar of Qazlal.
  1590 | D:3      | 1590 ||| SWAPPING to +6 sling.
  1591 | D:3      | 1591 ||| DROPPING +0 shortbow of chaos.
  1622 | D:3      | Reached skill level 5 in Dodging
  1713 | D:3      | Reached XP level 5. HP: 26/26 MP: 6/6
  2025 | D:3      | 2025 ||| READING scroll labelled GIAMAEM UGIUR.
  2134 | D:4      | 2134 ||| PLANNING OSSUARY
  2408 | D:4      | Noticed an ogre
  2413 | D:4      | Killed an ogre
  2414 | D:4      | Reached skill level 6 in Ranged Weapons
  2414 | D:4      | Reached XP level 6. HP: 30/30 MP: 7/7
  2693 | D:4      | Found an ancient bone altar of Kikubaaqudgha.
  2739 | D:4      | Reached skill level 6 in Dodging
  2873 | D:4      | Reached XP level 7. HP: 23/35 MP: 8/8
  2923 | D:4      | Found a sand-covered staircase.
  2932 | D:4      | Reached skill level 7 in Dodging
  2932 | D:4      | 2932 ||| READING scroll of identify.
  2932 | D:4      | 2932 ||| IDENTIFYING coppery potion
  2933 | D:4      | 2933 ||| READING scroll labelled LAICLO ZEPREA.
  2934 | D:4      | 2934 ||| READING scroll labelled SUMONONE BAUGU.
  2934 | D:4      | Identified a scroll of acquirement
  2934 | D:4      | 2934 ||| ACQUIRING +4 robe of Ygoexujau {rF- Int+5 Dex+8}
  2934 | D:4      | Acquired the +4 robe of Ygoexujau {rF- Int+5 Dex+8}
  2936 | D:4      | 2936 ||| UPGRADING to +4 robe of Ygoexujau {rF- Int+5
                  | Dex+8}.
  2946 | D:4      | 2946 ||| DROPPING +0 robe.
  2947 | D:4      | 2947 ||| READING scroll labelled QIEPSOY QUUCWAA.
  2948 | D:4      | 2948 ||| DRINKING 2 viscous cyan potions.
  2949 | D:4      | 2949 ||| DROPPING potion of lignification.
  2950 | D:4      | 2950 ||| DROPPING potion of attraction.
  2954 | Ossuary  | Entered an ossuary
  3016 | Ossuary  | Reached skill level 8 in Dodging
  3123 | Ossuary  | Reached skill level 9 in Dodging
  3383 | Ossuary  | Reached XP level 8. HP: 34/39 MP: 9/9
  3470 | Ossuary  | 3470 ||| READING scroll of identify.
  3470 | Ossuary  | 3470 ||| IDENTIFYING pink potion
  3471 | Ossuary  | 3471 ||| READING scroll labelled DET WOARGHUPS.
  3471 | Ossuary  | 3471 ||| ENCHANTING +6 sling.
  3472 | Ossuary  | 3472 ||| DRINKING 2 smoky ruby potions.
  3472 | Ossuary  | Gained mutation: You have sharp fingernails. [potion of
                  | mutation]
  3485 | D:4      | 3485 ||| PLANNING D:1-11
  3500 | D:4      | 3500 ||| RETREEEEATING.
  3517 | D:4      | 3517 ||| FLEEEEING.
  3518 | D:4      | 3518 ||| FLEEEEING.
  3519 | D:4      | 3519 ||| STAIRDANCE
  3605 | D:4      | Found Fukoem's Antique Armour Shoppe.
  3613 | D:4      | 3613 ||| BUYING cloak (126 gold).
  3613 | D:4      | Bought a cloak for 126 gold pieces
  3866 | D:4      | 3866 ||| UPGRADING to +0 cloak.
  3903 | D:5      | Entered Level 5 of the Dungeon
  3904 | D:5      | 3904 ||| STAIRDANCE
  3948 | D:5      | 3948 ||| STAIRDANCE
  3954 | D:4      | Reached skill level 3 in Fighting
  3979 | D:5      | 3979 ||| DRINKING 3 smoky sapphire potions.
  4435 | D:5      | Reached skill level 10 in Dodging
  4480 | D:5      | Found a staircase to the Ecumenical Temple.
  4481 | D:5      | 4481 ||| PLANNING TEMPLE
  4484 | Temple   | Entered the Ecumenical Temple
  4485 | Temple   | 4485 ||| PLANNING D:1-11
  4680 | D:6      | Reached skill level 9 in Ranged Weapons
  4875 | D:6      | Reached XP level 9. HP: 44/44 MP: 10/10
  5166 | D:6      | Reached skill level 11 in Dodging
  5210 | D:6      | Noticed Menkaure
  5211 | D:6      | 5211 ||| SWAPPING to +0 orcbow.
  5216 | D:6      | Killed Menkaure
  5292 | D:6      | 5292 ||| DROPPING +6 sling.
  5332 | D:6      | Found a shimmering blue altar of Sif Muna.
  5336 | D:6      | Found a bloodstained altar of Trog.
  5387 | D:6      | 5387 ||| READING scroll of identify.
  5387 | D:6      | 5387 ||| IDENTIFYING viscous purple potion
  5388 | D:6      | 5388 ||| READING scroll labelled VOESOE PUSUYF.
  5489 | D:6      | 5489 ||| DROPPING potion of invisibility.
  5490 | D:6      | 5490 ||| DROPPING wand of flame (21).
  5689 | D:7      | 5689 ||| Stepping ~*~*~tactically~*~*~ (cloud).
  5804 | D:7      | Found a sacrificial altar of Ru.
  5888 | D:7      | You fall into a shaft and drop 2 floors!
  5896 | D:9      | 5896 ||| RETREEEEATING.
  5902 | D:9      | Reached skill level 12 in Dodging
  5906 | D:9      | 5906 ||| DRINKING potion of haste.
  5909 | D:9      | Noticed a kobold demonologist
  5910 | D:9      | HP: 6/44 [hornet (9)]
  5910 | D:9      | Paralysed by a hornet for 3 turns
  5911 | D:9      | HP: 1/44 [poisoned by a hornet]
  5911 | D:9      | Mangled by a hornet

Levels and vault maps discovered:
D:1:      eino_arrival_water_star, layout_basic
D:2:      kennysheep_the_goblin_king, layout_basic, basic_altar
D:3:      layout_rooms, general_overflow_altar, kennysheep_flooded_box,
          hangedman_decor_points, minmay_hedge_maze,
          minmay_misc_feat_secret_circle, glass_columns_a,
          kennysheep_small_spiral
D:4:      minmay_general_purpose_star, layout_loops_corners,
          nicolae_overflow_hidden_temple, serial_shops, shop,
          nicolae_ossuary_entry_catacombs
D:5:      layout_loops_ring, minmay_temple_entry_grid,
          kennysheep_generic_room_16
D:6:      minmay_flawed_box, layout_basic, hellmonk_overflow_destroyed_library,
          minmay_holes, amcnicky_mini_rare_corridor_liquid, uniq_menkaure
D:7:      layout_loops_corners, nicolae_ru_sacrificial_ziggurat,
          minmay_overflow_temple_star_hex, minmay_misc_feat_enclosed,
          minmay_a_box_with_orc_wizards_in_it
D:9:      layout_rooms, serial_corexii_hall, corexii_hall_statues_x,
          chequers_hall_statues_wall_a, supply_closet_lemuel, minivault_10,
          chequers_big_river
Temple:   corrupted_temple

Skill      XL: |  1  2  3  4  5  6  7  8  9 |
---------------+----------------------------+-----
Dodging        | 3 4 5 6 9 10 12 | 12.0
Ranged Weapons | 5 6 7 9 10 | 10.0
Fighting       | 2 3 |  3.0
Stealth        | |  1.5

Action                     |  1- 3 |  4- 6 |  7- 9 || total
---------------------------+-------+-------+-------++-------
   Fire: Shortbow          |   131 |    22 |       ||   153
         Sling             |       |   120 |   228 ||   348
         Orcbow            |       |       |    76 ||    76
    Use: Scroll            |     8 |     1 |     8 ||    17
         Potion            |       |       |     4 ||     4
 Armour: Robe              |     5 |    13 |    34 ||    52
  Dodge: Dodged            |    51 |    50 |   169 ||   270

Table legend:
 A = Non-vault XP
 B = Vault XP
 C = Vault XP percentage of total XP
 D = Non-vault monster count
 E = Vault monster count
 F = Vault count percentage of total count
                 A         B        C        D         E       F
            +---------+---------+-------+---------+---------+-------
      Total |    2575 |    1552 |  37.6 |     116 |      45 |  28.0
            +---------+---------+-------+---------+---------+-------
        D:1 |      40 |       0 |   0.0 |      26 |       0 |   0.0
        D:2 |      42 |      13 |  23.6 |      17 |       7 |  29.2
        D:3 |     130 |       0 |   0.0 |      21 |       0 |   0.0
        D:4 |     551 |     392 |  41.6 |      23 |       8 |  25.8
        D:5 |     357 |      14 |   3.8 |       4 |       1 |  20.0
        D:6 |     500 |     453 |  47.5 |      10 |       9 |  47.4
        D:7 |     742 |       0 |   0.0 |      14 |       0 |   0.0
        D:9 |     213 |       0 |   0.0 |       1 |       0 |   0.0
    Ossuary |       0 |     680 | 100.0 |       0 |      20 | 100.0
            +---------+---------+-------+---------+---------+-------
